TOP OF THE 1ST |
Southern Maryland Blue Crabs batting - Pitching for Canton Indians : RHP Mike Shields
|
Pitching: RHP Mike Shields
|
|
Batting: LHB Ralph Braine
|
0-0: Called Strike 0-1: Hit by Pitch
|
Batting: RHB Dave Perron
|
0-0: Called Strike 0-1: Ball 1-1: Ball Ralph Braine steals 2nd base 2-1: Ball 3-1: Swinging Strike 3-2: Fly out, F8 (Flyball, 8LXD, EV 95.6 MPH) Runner from 2nd tags up, SAFE at 3rd, no throw by CF
|
Batting: RHB Wes Reynolds
|
0-0: Swinging Strike 0-1: Ball 1-1: Ball 2-1: Ground out 5-3 (Groundball, 56, EV 104.4 MPH) Ralph Braine scores
|
Batting: RHB Mike Pitts
|
0-0: Ball 1-0: SINGLE (Flyball, 78S, EV 95.6 MPH)
|
Batting: RHB Ethan Finke
|
0-0: Called Strike 0-1: Foul Ball, location: 2F 0-2: Ball 1-2: Ball 2-2: Ball 3-2: Strikes out looking
|
Top of the 1st over - 1 run, 1 hit, 0 errors, 1 left on base; Southern Maryland 1 - Canton 0 |
BOTTOM OF THE 1ST |
Canton Indians batting - Pitching for Southern Maryland Blue Crabs : RHP Jason Turley
|
Pitching: RHP Jason Turley
|
|
Batting: LHB Shane Montalvo
|
0-0: Called Strike 0-1: Swinging Strike 0-2: Ball 1-2: Foul Ball, location: 2F 1-2: Ball 2-2: Ground out 4-3 (Groundball, 4, EV 80.0 MPH)
|
Batting: RHB John Bianconi
|
0-0: Ball 1-0: Called Strike 1-1: Ball 2-1: Foul Ball, location: 2F 2-2: Foul Ball, location: 2F 2-2: Strikes out swinging
|
Batting: LHB Dave Key
|
0-0: Ball 1-0: Called Strike 1-1: Called Strike 1-2: Ground out 6-3 (Groundball, 4M, EV 78.8 MPH)
|
Bottom of the 1st over - 0 runs, 0 hits, 0 errors, 0 left on base; Southern Maryland 1 - Canton 0 |
TOP OF THE 2ND |
Southern Maryland Blue Crabs batting - Pitching for Canton Indians : RHP Mike Shields
|
Batting: SHB Chris Wright
|
0-0: Ball 1-0: SINGLE (Line Drive, 9LM, EV 96.9 MPH)
|
Batting: RHB Manny Hensley
|
0-0: Ball 1-0: Ball 2-0: SINGLE (Line Drive, 7LS, EV 100.6 MPH) Chris Wright to second
|
Batting: LHB Vinny Rivera
|
0-0: Called Strike 0-1: Called Strike 0-2: Strikes out swinging
|
Batting: SHB Carlos Carrillo
|
0-0: Ball 1-0: Called Strike 1-1: Swinging Strike 1-2: Ball 2-2: Strikes out swinging
|
Batting: LHB Ralph Braine
|
0-0: Called Strike 0-1: Ball 1-1: Foul Ball, location: 2F 1-2: Foul Ball, location: 2F 1-2: Strikes out looking
|
Top of the 2nd over - 0 runs, 2 hits, 0 errors, 2 left on base; Southern Maryland 1 - Canton 0 |
BOTTOM OF THE 2ND |
Canton Indians batting - Pitching for Southern Maryland Blue Crabs : RHP Jason Turley
|
Batting: LHB Jeff Palmowski
|
0-0: Ball 1-0: Called Strike 1-1: Foul Ball, location: 2F 1-2: Strikes out looking
|
Batting: RHB Ricky Butts
|
0-0: Called Strike 0-1: Called Strike 0-2: DOUBLE (Line Drive, 89D, EV 104.4 MPH)
|
Batting: RHB Jesus Montana
|
0-0: Ball 1-0: Fly out, F1 (Line Drive, P, EV 67.5 MPH)
|
Batting: LHB Rich Walker
|
0-0: Foul Ball, location: 2F 0-1: Ball 1-1: Foul Ball, location: 2F 1-2: Ball 2-2: Foul Ball, location: 2F 2-2: Foul Ball, location: 2F 2-2: Ball 3-2: Fly out, F8 (Flyball, 8LM, EV 90.6 MPH)
|
Bottom of the 2nd over - 0 runs, 1 hit, 0 errors, 1 left on base; Southern Maryland 1 - Canton 0 |
TOP OF THE 3RD |
Southern Maryland Blue Crabs batting - Pitching for Canton Indians : RHP Mike Shields
|
Batting: RHB Dave Perron
|
0-0: Ball 1-0: Swinging Strike 1-1: Called Strike 1-2: Strikes out looking
|
Batting: RHB Wes Reynolds
|
0-0: Swinging Strike 0-1: Foul Ball, location: 2F 0-2: Strikes out swinging
|
Batting: RHB Mike Pitts
|
0-0: Ball 1-0: Called Strike 1-1: Swinging Strike 1-2: Ball 2-2: Foul Ball, location: 2F 2-2: Fly out, F6 (Popup, 6MD, EV 63.8 MPH)
|
Top of the 3rd over - 0 runs, 0 hits, 0 errors, 0 left on base; Southern Maryland 1 - Canton 0 |
BOTTOM OF THE 3RD |
Canton Indians batting - Pitching for Southern Maryland Blue Crabs : RHP Jason Turley
|
Batting: SHB Javon Mitchell
|
0-0: Ball 1-0: Ball 2-0: TRIPLE (Flyball, 89XD, EV 96.2 MPH)
|
Batting: RHB Jonathan Livingston
|
0-0: Called Strike 0-1: Ball 1-1: Ball 2-1: Ball 3-1: Fly out, F7 (Flyball, 7, EV 88.1 MPH) Runner from 3rd tags up, SCORES, no throw by LF
|
Batting: LHB Shane Montalvo
|
0-0: Ball 1-0: Foul Ball, location: 2F 1-1: Foul Ball, location: 2F 1-2: Foul Ball, location: 2F 1-2: Foul Ball, location: 2F 1-2: Ground out 3-1 (Groundball, 34, EV 83.8 MPH)
|
Batting: RHB John Bianconi
|
0-0: Ball 1-0: SOLO HOME RUN (Flyball, 7D, EV 95.6 MPH), Distance : 384 ft
|
Batting: LHB Dave Key
|
0-0: Ball 1-0: Called Strike 1-1: Ball 2-1: Called Strike 2-2: Foul Ball, location: 2F 2-2: Foul Ball, location: 2F 2-2: Foul Ball, location: 2F 2-2: Strikes out swinging
|
Bottom of the 3rd over - 2 runs, 2 hits, 0 errors, 0 left on base; Southern Maryland 1 - Canton 2 |
TOP OF THE 4TH |
Southern Maryland Blue Crabs batting - Pitching for Canton Indians : RHP Mike Shields
|
Batting: RHB Ethan Finke
|
0-0: Fly out, F9 (Line Drive, 9D, EV 97.5 MPH)
|
Batting: SHB Chris Wright
|
0-0: Called Strike 0-1: Ball 1-1: Swinging Strike 1-2: Ball 2-2: Strikes out swinging
|
Batting: RHB Manny Hensley
|
0-0: Ball 1-0: Foul Ball, location: 2F 1-1: Foul Ball, location: 2F 1-2: Strikes out looking
|
Top of the 4th over - 0 runs, 0 hits, 0 errors, 0 left on base; Southern Maryland 1 - Canton 2 |
BOTTOM OF THE 4TH |
Canton Indians batting - Pitching for Southern Maryland Blue Crabs : RHP Jason Turley
|
Batting: LHB Jeff Palmowski
|
0-0: Ball 1-0: Called Strike 1-1: Ground out 1-3 (Groundball, 13, EV 70.6 MPH)
|
Batting: RHB Ricky Butts
|
0-0: Ball 1-0: Foul Ball, location: 2F 1-1: Foul Ball, location: 2F 1-2: Foul Ball, location: 2F 1-2: Ball 2-2: Ball 3-2: Foul Ball, location: 2F 3-2: Strikes out swinging
|
Batting: RHB Jesus Montana
|
0-0: Ball 1-0: Ball 2-0: Called Strike 2-1: Ball 3-1: SINGLE (Groundball, 56S, EV 71.9 MPH) (infield hit)
|
Batting: LHB Rich Walker
|
0-0: Called Strike 0-1: Ball 1-1: Foul Ball, location: 2F 1-2: Foul Ball, location: 2F 1-2: Foul Ball, location: 2F 1-2: Foul Ball, location: 2F 1-2: SINGLE (Line Drive, 34, EV 98.8 MPH) Jesus Montana to second Runner from 2nd tries for 3rd, SAFE, throw by RF made to third
|
Pitching: RHP Dave Patenaude
|
|
Batting: SHB Javon Mitchell
|
0-0: Called Strike 0-1: Ball 1-1: Ball 2-1: Ball 3-1: Called Strike 3-2: SINGLE (Line Drive, 7LS, EV 86.9 MPH) Jesus Montana scores Rich Walker to second Rich Walker to third
|
Batting: RHB Jonathan Livingston
|
0-0: Called Strike 0-1: Fielders Choice at 2nd, 6-4 (Groundball, 6, EV 80.6 MPH)
|
Bottom of the 4th over - 1 run, 3 hits, 0 errors, 2 left on base; Southern Maryland 1 - Canton 3 |
TOP OF THE 5TH |
Southern Maryland Blue Crabs batting - Pitching for Canton Indians : RHP Mike Shields
|
Batting: LHB Vinny Rivera
|
0-0: Ball 1-0: Called Strike 1-1: Ball 2-1: SINGLE (Groundball, 34D, EV 103.1 MPH)
|
Batting: SHB Carlos Carrillo
|
0-0: Ball 1-0: SINGLE (Line Drive, 9S, EV 91.2 MPH) Vinny Rivera to second Throwing error, E9 Vinny Rivera scores Carlos Carrillo to second
|
Batting: LHB Ralph Braine
|
0-0: Ball 1-0: Ball 2-0: Called Strike 2-1: Foul Ball, location: 2F 2-2: Foul Ball, location: 2F 2-2: Ball 3-2: Hit by Pitch
|
Batting: RHB Dave Perron
|
0-0: Ball 1-0: DOUBLE (Groundball, 5L, EV 100.6 MPH) Carlos Carrillo scores Ralph Braine to third
|
Batting: RHB Wes Reynolds
|
0-0: Ball 1-0: Swinging Strike 1-1: Ball 2-1: Ball 3-1: Foul Ball, location: 2F 3-2: Fly out, F7 (Flyball, 7LS, EV 83.1 MPH)
|
Batting: RHB Mike Pitts
|
0-0: Ball 1-0: Called Strike 1-1: Called Strike 1-2: SINGLE (Flyball, 56D, EV 101.2 MPH) - OUT at second base trying to stretch hit. Ralph Braine scores Dave Perron scores
|
Batting: RHB Ethan Finke
|
0-0: Foul Ball, location: 2F 0-1: Ball 1-1: Foul Ball, location: 2F 1-2: Strikes out looking
|
Top of the 5th over - 4 runs, 4 hits, 1 error, 0 left on base; Southern Maryland 5 - Canton 3 |
BOTTOM OF THE 5TH |
Canton Indians batting - Pitching for Southern Maryland Blue Crabs : RHP Dave Patenaude
|
Batting: LHB Shane Montalvo
|
0-0: Called Strike 0-1: Ground out 4-3 (Groundball, 4D, EV 80.6 MPH)
|
Batting: RHB John Bianconi
|
0-0: Ball 1-0: Ball 2-0: Ball 3-0: Base on Balls
|
Batting: LHB Dave Key
|
0-0: Ball 1-0: Ball 2-0: Ball 3-0: Called Strike 3-1: Fielders Choice at 2nd, 1-6 (Groundball, 13S, EV 75.0 MPH)
|
Batting: LHB Jeff Palmowski
|
0-0: Swinging Strike 0-1: Ball 1-1: Ball 2-1: Ball 3-1: Base on Balls Dave Key to second
|
Batting: RHB Ricky Butts
|
0-0: SINGLE (Groundball, 56D, EV 100.0 MPH) Dave Key to third Jeff Palmowski to second Runner from 3rd tries for Home, SAFE, throw by LF to home
|
Batting: RHB Jesus Montana
|
0-0: Ball 1-0: Ball 2-0: Ball 3-0: Base on Balls Jeff Palmowski to third Ricky Butts to second
|
Batting: LHB Rich Walker
|
0-0: Swinging Strike 0-1: Called Strike 0-2: Strikes out swinging
|
Bottom of the 5th over - 1 run, 1 hit, 0 errors, 3 left on base; Southern Maryland 5 - Canton 4 |
TOP OF THE 6TH |
Southern Maryland Blue Crabs batting - Pitching for Canton Indians : RHP Mike Shields
|
Batting: SHB Chris Wright
|
0-0: Called Strike 0-1: Ball 1-1: Called Strike 1-2: Strikes out looking
|
Batting: RHB Manny Hensley
|
0-0: Called Strike 0-1: Ball 1-1: Foul Ball, location: 2F 1-2: Ball 2-2: Strikes out swinging
|
Batting: LHB Vinny Rivera
|
0-0: Called Strike 0-1: Ball 1-1: Foul Ball, location: 2F 1-2: Strikes out swinging
|
Top of the 6th over - 0 runs, 0 hits, 0 errors, 0 left on base; Southern Maryland 5 - Canton 4 |
BOTTOM OF THE 6TH |
Canton Indians batting - Pitching for Southern Maryland Blue Crabs : RHP Dave Patenaude
|
Batting: SHB Javon Mitchell
|
0-0: Called Strike 0-1: TRIPLE (Flyball, 89XD, EV 104.4 MPH)
|
Batting: RHB Jonathan Livingston
|
0-0: Foul Ball, location: 2F 0-1: DOUBLE (Flyball, 8RD, EV 97.5 MPH) Javon Mitchell scores
|
Batting: LHB Shane Montalvo
|
0-0: Intentional Walk
|
Batting: RHB John Bianconi
|
0-0: Ball 1-0: Called Strike 1-1: Foul Ball, location: 2F 1-2: Fly out, F9 (Line Drive, 9, EV 98.1 MPH)
|
Batting: LHB Dave Key
|
0-0: Called Strike 0-1: Ball 1-1: Fly out, F6 (Popup, 6S, EV 71.9 MPH)
|
Pitching: RHP Marco Benavente
|
|
Batting: LHB Jeff Palmowski
|
0-0: Swinging Strike 0-1: Foul Ball, location: 2F 0-2: SINGLE (Line Drive, 78S, EV 91.2 MPH) Jonathan Livingston to third Shane Montalvo to second Runner from 3rd tries for Home, SAFE, throw by LF to home
|
Batting: RHB Ricky Butts
|
0-0: Fly out, F8 (Flyball, 89XD, EV 95.0 MPH)
|
Bottom of the 6th over - 2 runs, 3 hits, 0 errors, 2 left on base; Southern Maryland 5 - Canton 6 |
TOP OF THE 7TH |
Southern Maryland Blue Crabs batting - Pitching for Canton Indians : RHP Mike Shields
|
Batting: SHB Carlos Carrillo
|
0-0: Ball 1-0: Swinging Strike 1-1: Called Strike 1-2: Ball 2-2: Strikes out looking
|
Batting: LHB Ralph Braine
|
0-0: Called Strike 0-1: Foul Ball, location: 2F 0-2: Hit by Pitch
|
Batting: RHB Dave Perron
|
0-0: Ball 1-0: Called Strike Ralph Braine steals 2nd base 1-1: Ball 2-1: Ball 3-1: Called Strike 3-2: Base on Balls
|
Pitching: RHP Gilbert Paparelli
|
|
Batting: RHB Wes Reynolds
|
0-0: Called Strike 0-1: Ball 1-1: Foul Ball, location: 2F 1-2: Strikes out swinging
|
Batting: RHB Mike Pitts
|
0-0: Ball 1-0: Ball 2-0: Ball 3-0: Base on Balls Ralph Braine to third Dave Perron to second
|
Batting: RHB Ethan Finke
|
0-0: Ball 1-0: Swinging Strike 1-1: Foul Ball, location: 2F 1-2: Strikes out swinging
|
Top of the 7th over - 0 runs, 0 hits, 0 errors, 3 left on base; Southern Maryland 5 - Canton 6 |
BOTTOM OF THE 7TH |
Canton Indians batting - Pitching for Southern Maryland Blue Crabs : RHP Marco Benavente
|
Batting: RHB Jesus Montana
|
0-0: DOUBLE (Line Drive, 89D, EV 106.2 MPH)
|
Batting: LHB Rich Walker
|
0-0: Intentional Walk
|
Batting: SHB Javon Mitchell
|
0-0: Ball 1-0: Bunted foul 1-1: Sac Bunt to 13 - play at first, batter OUT! 1-4 Jesus Montana to third Rich Walker to second
|
Batting: RHB Jonathan Livingston
|
0-0: Ball 1-0: Foul Ball, location: 2F 1-1: Swinging Strike 1-2: Ball 2-2: Foul Ball, location: 2F 2-2: Foul Ball, location: 2F 2-2: Strikes out swinging
|
Batting: LHB Shane Montalvo
|
0-0: Ball 1-0: Ball 2-0: Ball 3-0: Called Strike 3-1: Base on Balls
|
Batting: RHB John Bianconi
|
0-0: Fly out, F6 (Popup, 5D, EV 51.2 MPH)
|
Bottom of the 7th over - 0 runs, 1 hit, 0 errors, 3 left on base; Southern Maryland 5 - Canton 6 |
TOP OF THE 8TH |
Southern Maryland Blue Crabs batting - Pitching for Canton Indians : RHP Gilbert Paparelli
|
Pitching: RHP Terry Sterling
|
|
Batting: SHB Chris Wright
|
0-0: Ball 1-0: Called Strike 1-1: Ball 2-1: Foul Ball, location: 2F 2-2: Ball 3-2: SOLO HOME RUN (Flyball, 9D, EV 98.1 MPH), Distance : 392 ft
|
Batting: RHB Manny Hensley
|
0-0: Called Strike 0-1: Foul Ball, location: 2F 0-2: Foul Ball, location: 2F 0-2: Strikes out swinging
|
Batting: LHB Vinny Rivera
|
0-0: Ball 1-0: Fly out, F8 (Flyball, 8RM, EV 80.0 MPH)
|
Batting: SHB Carlos Carrillo
|
0-0: Ball 1-0: Foul Ball, location: 2F 1-1: Swinging Strike 1-2: Strikes out swinging
|
Top of the 8th over - 1 run, 1 hit, 0 errors, 0 left on base; Southern Maryland 6 - Canton 6 |
BOTTOM OF THE 8TH |
Canton Indians batting - Pitching for Southern Maryland Blue Crabs : RHP Marco Benavente
|
Pitching: RHP Nick Hodge
|
|
Batting: LHB Dave Key
|
0-0: Called Strike 0-1: Swinging Strike 0-2: Ball 1-2: Foul Ball, location: 2F 1-2: Foul Ball, location: 2F 1-2: Strikes out swinging
|
Batting: LHB Jeff Palmowski
|
0-0: Ball 1-0: SOLO HOME RUN (Flyball, 8RXD, EV 116.9 MPH), Distance : 463 ft
|
Batting: RHB Ricky Butts
|
0-0: Ball 1-0: Foul Ball, location: 2F 1-1: Ground out 6-3 (Groundball, 56D, EV 102.5 MPH)
|
Batting: RHB Jesus Montana
|
0-0: Ball 1-0: Swinging Strike 1-1: Ball 2-1: Swinging Strike 2-2: Ball 3-2: Foul Ball, location: 2F 3-2: Strikes out looking
|
Bottom of the 8th over - 1 run, 1 hit, 0 errors, 0 left on base; Southern Maryland 6 - Canton 7 |
TOP OF THE 9TH |
Southern Maryland Blue Crabs batting - Pitching for Canton Indians : RHP Terry Sterling
|
Batting: LHB Ralph Braine
|
0-0: Foul Ball, location: 2F 0-1: Ball 1-1: Foul Ball, location: 2F 1-2: Strikes out swinging
|
Batting: RHB Dave Perron
|
0-0: Ball 1-0: Ball 2-0: Foul Ball, location: 2F 2-1: Ball 3-1: Base on Balls
|
Batting: RHB Wes Reynolds
|
0-0: Called Strike 0-1: Ball 1-1: Grounds into double play, 6-4-3 (Groundball, 6, EV 98.8 MPH)
|
Top of the 9th over - 0 runs, 0 hits, 0 errors, 0 left on base; Southern Maryland 6 - Canton 7 |
|